Map: Ley Lines

Players

Killa - Winner!

  • Race: Protoss Protoss
  • League: Master
  • Spawn Location: 1:00

Cheater 1 (Insane)

  • Race: Zerg Zerg
  • Spawn Location: 7:00

VOD

Have the link to the VOD?

Description

Time

  • Played on: July 3, 2025, 10:12 a.m.
  • Length: 8:44
Show
View Real Time Build Order
Export as new Build Order

Killa Protoss - Winner!

Build Orders: 1 Gate Expand, Zealot Archon, Archon Drop, Dark Templar Rush 

Get SALT Encoding   

  12  0:00  Probe  
  13  0:12  Probe  
  14  0:20  Pylon  
  14  0:24  Probe  
  15  0:35  Probe  
  15  0:39  Gateway  
  16  0:43  Probe  
  16  0:48  Assimilator  
  17  0:52  Probe  
  18  1:04  Probe  
  19  1:16  Probe  
  20  1:25  Nexus  
  20  1:34  Cybernetics Core  
  20  1:40  Assimilator  
  20  1:41  Probe  
  21  1:47  Pylon  
  21  1:53  Probe  
  22  2:00  Adept  
  22  2:05  Probe  
  23  2:11  Warp Gate  
  23  2:13  Probe  
  25  2:21  Twilight Council, Probe  
  26  2:29  Stalker  
  27  2:32  Probe  
  27  2:34  Probe  
  30  2:42  Probe  
  31  2:44  Probe  
  31  2:51  Robotics Facility, Probe  
  33  2:56  Probe  
  35  3:03  Probe  
  36  3:06  Probe  
  37  3:14  Probe  
  37  3:15  Probe  
  37  3:18  Dark Shrine  
  39  3:22  Probe  
  40  3:28  Gateway  
  40  3:31  Gateway  
  40  3:34  Gateway  
  40  3:37  Warp Prism  
  40  3:38  Assimilator  
  40  3:41  Assimilator  
  42  3:55  Pylon, Probe  
  42  3:56  Probe  
  44  4:06  Pylon  
  44  4:08  Probe x2  
  46  4:21  Probe x2  
  48  4:31  Immortal  
  48  4:33  Probe x2  
  48  4:34  Dark Templar x4  
  48  4:38  Charge  
  62  4:55  Gateway  
  62  4:56  Gateway  
  62  5:02  Gateway  
  62  5:09  Archon  
  62  5:10  Archon  
  62  5:13  Gateway  
  62  5:17  Pylon  
  62  5:18  Pylon  
  62  5:25  Immortal  
  62  5:27  Pylon  
  62  5:28  Pylon  
  66  5:43  Sentry  
  66  5:44  Dark Templar  
  66  5:49  Zealot, Dark Templar  
  74  5:50  Zealot  
  74  5:55  Pylon  
  76  5:57  Archon, Dark Templar x2  
  80  6:06  Archon  
  80  6:07  Immortal  
  84  6:12  Pylon  
  84  6:18  Dark Templar  
  84  6:22  Dark Templar  
  84  6:23  Zealot x2  
  92  6:28  Archon  
  92  6:31  Zealot x2  
  96  6:42  Pylon  
  96  6:44  Zealot x3  
  102  6:57  Pylon  
  102  6:58  Pylon  
  102  7:01  Zealot x3  
  102  7:03  Zealot  
  110  7:15  Zealot x3  
  100  7:18  Zealot  
  88  7:27  Zealot x3  
  82  7:32  Observer  
  81  7:38  Zealot x3  
  87  7:48  Zealot x3  
  93  7:56  Zealot x2  
  91  8:06  Zealot x3  
  97  8:26  Zealot x6  
  109  8:32  Zealot  
  109  8:33  Zealot  
Show
View Real Time Build Order
Export as new Build Order

Cheater 1 (Insane) Zerg 

Build Orders: Pool First 

Get SALT Encoding   

  12  0:00  Drone  
  13  0:11  Overlord  
  13  0:15  Drone  
  14  0:29  Drone x2  
  16  0:37  Spawning Pool  
  16  0:38  Drone  
  16  0:43  Drone  
  17  1:02  Drone, Hatchery  
  17  1:05  Drone, Extractor  
  17  1:16  Drone  
  18  1:26  Drone  
  18  1:29  Queen  
  21  1:37  Overlord  
  21  1:48  Drone  
  22  1:58  Zergling x2  
  22  2:00  Roach Warren  
  22  2:01  Extractor  
  22  2:05  Queen  
  23  2:09  Drone  
  23  2:13  Drone  
  25  2:20  Drone  
  26  2:24  Drone  
  27  2:30  Overlord  
  27  2:35  Zergling x2  
  27  2:36  Drone x3  
  31  2:43  Drone  
  32  2:46  Zergling x2  
  33  2:53  Roach  
  33  2:56  Drone  
  33  2:58  Lair  
  36  3:01  Metabolic Boost  
  36  3:04  Roach  
  38  3:07  Overlord, Roach  
  38  3:08  Drone x2  
  42  3:15  Overlord  
  42  3:18  Roach  
  44  3:20  Spore Crawler  
  44  3:22  Spore Crawler  
  44  3:23  Drone x2  
  44  3:25  Drone  
  44  3:26  Drone  
  46  3:30  Zergling x2  
  47  3:36  Evolution Chamber  
  47  3:37  Drone  
  47  3:39  Drone, Zergling x4  
  47  3:40  Evolution Chamber  
  47  3:41  Drone  
  50  3:48  Drone  
  50  3:51  Drone x2  
  50  3:52  Drone  
  54  3:59  Hydralisk Den, Drone  
  54  4:00  Overlord  
  54  4:03  Roach, Zerg Ground Armor Level 1  
  54  4:05  Zerg Missile Weapons Level 1  
  54  4:09  Overseer  
  56  4:10  Overlord  
  56  4:11  Roach  
  58  4:21  Overlord  
  58  4:23  Overlord  
  58  4:26  Roach  
  58  4:28  Roach, Hydralisk x3  
  68  4:33  Roach  
  68  4:34  Roach  
  72  4:42  Hydralisk  
  72  4:43  Hydralisk, Roach x2  
  72  4:45  Overlord  
  80  4:48  Overlord, Hydralisk  
  80  4:51  Hydralisk  
  84  4:57  Drone, Hydralisk  
  87  5:03  Extractor  
  87  5:05  Drone  
  87  5:06  Extractor  
  86  5:07  Drone  
  87  5:15  Drone x3  
  87  5:17  Drone  
  87  5:18  Drone  
  92  5:24  Evolution Chamber  
  91  5:28  Drone  
  91  5:29  Drone, Overlord  
  91  5:30  Drone  
  91  5:31  Hatchery, Infestation Pit  
  90  5:39  Drone  
  90  5:40  Drone  
  91  5:46  Drone x2, Roach  
  94  5:50  Drone, Zerg Melee Weapons Level 1  
  94  5:51  Drone, Glial Reconstitution  
  96  5:57  Spine Crawler, Pneumatized Carapace  
  96  5:58  Drone x3  
  96  6:01  Drone  
  96  6:03  Drone, Ravager  
  101  6:11  Overlord  
  101  6:13  Drone  
  101  6:14  Ravager  
  101  6:18  Hydralisk x3  
  105  6:23  Hydralisk  
  105  6:24  Roach  
  113  6:34  Overlord, Hydralisk  
  113  6:36  Spine Crawler  
  114  6:42  Hydralisk  
  114  6:43  Queen x2  
  114  6:45  Drone x2  
  122  6:49  Extractor, Infestor, Hydralisk  
  122  6:50  Drone  
  122  6:53  Overlord  
  126  6:56  Infestor, Hydralisk  
  126  6:59  Hatchery, Extractor  
  128  7:04  Roach  
  128  7:07  Roach x2  
  133  7:14  Spore Crawler  
  115  7:16  Spore Crawler  
  115  7:18  Zergling x4  
  115  7:21  Hydralisk  
  115  7:22  Drone, Roach  
  102  7:26  Lurker Den  
  102  7:28  Drone  
  102  7:29  Drone  
  69  7:33  Overseer  
  62  7:38  Hydralisk  
  62  7:40  Drone  
  59  7:50  Infestor, Zergling x4, Roach x2  
  59  7:51  Roach x2  
  62  7:52  Drone  
  62  7:58  Overseer  
  59  8:02  Hydralisk  
  55  8:11  Zergling x2  
  46  8:13  Roach  
  46  8:19  Drone, Zergling x2, Roach  
  35  8:22  Roach  
Tags
 
Add a new tag
Caveats
  • Supply blocks, unpowered buildings, or Contaminate may cause inaccurate times.
  • Supply counts are checked every 10 seconds.